 Dungeon Crawl Stone Soup version 0.26-b1-32-g5d43845318 (webtiles) character file.

Game seed: 8156058173218737858

55 Borgoz the Cudgeller (level 3, -2/22 HPs)
             Began as a Gargoyle Gladiator on Jan 10, 2021.
             Slain by an adder (3 damage)
             ... on level 3 of the Dungeon.
             The game lasted 00:01:10 (1393 turns).

Borgoz the Cudgeller (Gargoyle Gladiator)           Turns: 1393, Time: 00:01:11

Health: -2/22      AC:  8    Str: 17    XL:     3   Next: 93%
Magic:  3/3        EV: 12    Int:  8    God:
Gold:   92         SH:  0    Dex: 12    Spells: 2/2 levels left

rFire    . . .     SeeInvis .   a - +0 flail
rCold    . . .     Faith    .   (no shield)
rNeg     + . .     Spirit   .   b - +0 leather armour
rPois    ∞         Reflect  .   c - +0 helmet
rElec    +         Harm     .   (no cloak)
rCorr    .         Rampage  .   g - +0 pair of gloves
Will     .....     Rnd*Tele +   (no boots)
Stlth    +.........             (no amulet)
HPRegen  0.07/turn              h - ring of teleportation (curse)
MPRegen  0.08/turn              (no ring)

@: hasted, very quick
A: negative energy resistance 1, electricity resistance, unbreathing,
petrification resistance, miasma immunity, AC +3
a: no special abilities


You were on level 3 of the Dungeon.
You visited 1 branch of the dungeon, and saw 3 of its levels.

You collected 92 gold pieces.

Inventory:

Hand Weapons
 a - a +0 flail (weapon)
Missiles
 d - 3 throwing nets (quivered)
Armour
 b - a +0 leather armour (worn)
 c - a +0 helmet (worn)
 g - a +0 pair of gloves (worn)
Jewellery
 h - a cursed ring of teleportation (left hand)
Scrolls
 e - 2 scrolls of enchant armour {unknown}
 i - 3 scrolls of identify {unknown}
 m - a scroll of teleportation {unknown}
 n - a scroll of random uselessness {unknown}
 p - a scroll of immolation {unknown}
Potions
 f - a potion of cancellation {unknown}
 j - a potion of brilliance {unknown}
 k - a potion of mutation {unknown}
 l - a potion of haste
 o - a potion of might {unknown}
 q - a potion of heal wounds {unknown}


   Skills:
 + Level 2.8 Fighting
 * Level 3.7 Maces & Flails
 - Level 1.7 Throwing
 + Level 1.3 Armour
 + Level 2.7 Dodging


You had 2 spell levels left.
You didn't know any spells.
Your spell library was empty.

Dungeon Overview and Level Annotations

Branches:
Dungeon (3/15)

Altars:


Innate Abilities, Weirdness & Mutations

You are resistant to torment.
Your stone body is resilient. (AC +3)
You are immune to poison.
You resist negative energy. (rN+)
You are resistant to electric shocks. (rElec)
You can survive without breathing.
You are immune to petrification.
You are immune to miasma.


Message History

* * * LOW HITPOINT WARNING * * *
You are too injured to fight recklessly!
You are too injured to fight recklessly!
The adder bites you but does no damage. The adder bites you.
* * * LOW HITPOINT WARNING * * *
Found a stone staircase leading down.
The adder barely misses you.
You barely miss the adder.
The adder is moderately wounded.
The adder bites you but does no damage. The adder bites you.
* * * LOW HITPOINT WARNING * * *
You closely miss the adder.
The adder is moderately wounded.
The adder barely misses you.
You hit the adder.
The adder is almost dead.
The adder barely misses you. The adder bites you.
* * * LOW HITPOINT WARNING * * *
It was a potion of haste.
You feel yourself speed up. The adder bites you.
You die...

#### ...
...#########.###>##
.......<.wS@.......
).......>.##.#.#.##
..#######.# ... #.#
##.# #.# .# #.. #
##. .#


You could see a worm and an adder.

Vanquished Creatures
  2 adders (D:2)
  An ooze (D:1)
  3 bats
  A giant cockroach (D:1)
  6 goblins
  A hobgoblin (D:2)
  4 jackals (D:1)
  5 kobolds
  A quokka (D:2)
  2 ball pythons (D:1)
  3 frilled lizards
  4 rats
33 creatures vanquished.

Notes
Turn   | Place    | Note
-------+----------+-------------------------------------------
     0 | D:1      | Borgoz the Gargoyle Gladiator began the quest for the Orb.
     0 | D:1      | Reached XP level 1. HP: 12/12 MP: 1/1
   163 | D:1      | Reached XP level 2. HP: 10/18 MP: 2/2
   560 | D:1      | Reached skill level 1 in Armour
   707 | D:1      | Reached XP level 3. HP: 22/22 MP: 3/3
  1392 | D:3      | HP: 1/22 [adder (3)]
  1393 | D:3      | Slain by an adder

Illustrated notes

Levels and vault maps discovered:
D:1:      dpeg_arrival_chambers_temple_mockup, layout_basic
D:2:      layout_basic
D:3:      layout_loops_ring, minmay_goblin_outpost

Skill      XL: |  1  2 |
---------------+-------+-----
Armour         | 1 |  1.3
Fighting       | |  2.8
Maces & Flails | |  3.7
Throwing       | |  1.7
Dodging        | |  2.7

Action                   || total
-------------------------++-------
Melee: Flail             ||   104
  Use: Potion            ||     1
 Stab: Sleeping          ||     1
Armor: Leather armour    ||    49
Dodge: Dodged            ||    79
